 Dungeon Crawl Stone Soup version 0.26.1-2-gb8aa6d0 (webtiles) character file.

Game seed: 17023806275412534703

65 Geeful the Sneak (level 4, -7/31 HPs)
             Began as an Octopode Delver on Apr 3, 2021.
             Shot with an arrow by a centaur (9 damage)
             ... on level 2 of the Dungeon.
             The game lasted 00:07:33 (2429 turns).

Geeful the Sneak (Octopode Delver)                  Turns: 2429, Time: 00:07:33

Health: -7/31      AC:  1    Str: 11    XL:     4   Next: 13%
Magic:  6/6        EV: 14    Int:  8    God:
Gold:   137        SH:  0    Dex: 13    Spells: 5/5 levels left

rFire    + . .     SeeInvis +   a - +0 short sword
rCold    . . .     Faith    .   (no shield)
rNeg     + + .     Spirit   .   (helmet restricted)
rPois    .         Reflect  .   (no amulet)
rElec    .         Harm     .   j - ring of Zummazo {rN++ Int-5 SInv}
rCorr    .         Rampage  .   m - ring of protection from fire
Will     .....                  (no ring)
Stlth    ++++......             (no ring)
HPRegen  0.10/turn              (no ring)
MPRegen  0.10/turn              (no ring)
                                (no ring)
                                (no ring)

@: no status effects
A: almost no armour, stealthy swim, amphibious, 8 rings, constrict 8, camouflage
1, gelatinous body 1
a: no special abilities


You were on level 2 of the Dungeon.
You visited 1 branch of the dungeon, and saw 6 of its levels.

You collected 137 gold pieces.

Inventory:

Hand Weapons
 a - a +0 short sword (weapon)
Jewellery
 j - the ring of Zummazo (left tentacle) {rN++ Int-5 SInv}
   (You found it on level 5 of the Dungeon)

   [ring of see invisible]

   It affects your intelligence (-5).
   It greatly protects you from negative energy.
   It lets you see invisible.
 m - a ring of protection from fire (right tentacle)
Wands
 f - a wand of digging (3)
 g - a wand of polymorph (5)
Scrolls
 b - a scroll of fog
 c - 2 scrolls of magic mapping
 d - a scroll of fear
 e - a scroll of teleportation
 i - a scroll of identify {unknown}
 n - a scroll of remove curse
 o - a scroll of blinking
Potions
 h - 2 potions of lignification {unknown}
 k - 2 potions of attraction {unknown}
 l - 2 potions of degeneration {unknown}
 p - a potion of might {unknown}


   Skills:
 + Level 3.5 Fighting
 - Level 2.0 Short Blades
 + Level 2.6 Dodging
 + Level 7.2 Stealth
 + Level 1.3 Spellcasting


You had 5 spell levels left.
You didn't know any spells.
Your spell library was empty.

Dungeon Overview and Level Annotations

Branches:
Dungeon (6/15)
 Temple: D:4-7

Altars:
Cheibriados
Nemelex Xobeh
Xom
Zin

Annotations:
D:2 Natasha
D:4 exclusion: ogre


Innate Abilities, Weirdness & Mutations

You cannot wear most types of armour.
You are very stealthy in the water. (Stealth+)
You are amphibious.
You can wear up to eight rings at the same time.
You can use your tentacles to constrict eight enemies at once.
Your skin changes colour to match your surroundings (Stealth+).
Your rubbery body absorbs attacks. (AC +1, EV +1)


Message History

A centaur comes into view.
The centaur shouts!
Natasha hisses angrily.
The centaur wields a +0 shortbow.
The centaur shoots an arrow.
The arrow hits you.
Natasha mumbles some strange words.
You see here an arrow.
The centaur shoots an arrow.
The arrow hits you!
Ouch! That really hurt!
* * * LOW HITPOINT WARNING * * *
Natasha growls.
You see here an arrow.
You closely miss Natasha. Your grab misses Natasha.
Your squeeze misses Natasha. Natasha casts a spell at you.
The magic dart hits you!
* * * LOW HITPOINT WARNING * * *
The centaur unwields a +0 shortbow.
The centaur closely misses you.
The centaur wields a +0 shortbow.
The centaur shoots an arrow.
The arrow hits you!
You die...

###### .....# .....#
######### .....#
#.c......
.....############(.5?....
................@h.......
.....###########.........
.....# ##........
.....##### #........
.........# #........
...#####.# #########
....####.# ########
###.>..<.# #......#
....#..######......#


You could see a centaur, Natasha and a shadow imp (summoned).

Vanquished Creatures
  An adder (D:2)
  An ooze (D:1)
  2 worms
  5 leopard geckos
  A giant cockroach (D:1)
  4 hobgoblins (D:1)
  5 bats
  4 frilled lizards
  4 goblins
  10 kobolds
  2 rats
39 creatures vanquished.

Vanquished Creatures (others)
  10 plants (D:1)
  12 toadstools (D:6)
22 creatures vanquished.

Grand Total: 61 creatures vanquished

Notes
Turn   | Place    | Note
-------+----------+-------------------------------------------
     0 | D:5      | Geeful the Octopode Delver began the quest for the Orb.
     0 | D:5      | Reached XP level 1. HP: 16/16 MP: 1/1
    19 | D:6      | Found a shimmering altar of Xom.
    34 | D:6      | Found a shimmering altar of Xom.
    34 | D:6      | Found a shimmering altar of Xom.
    34 | D:6      | Found a shimmering altar of Xom.
    34 | D:6      | Found a shimmering altar of Xom.
    35 | D:6      | Found a shimmering altar of Xom.
   110 | D:6      | Noticed a bullfrog
   144 | D:5      | Noticed a hound
   149 | D:5      | Noticed an orc priest
   164 | D:5      | Noticed an ogre
   176 | D:5      | Found a snail-covered altar of Cheibriados.
   220 | D:5      | Got a slimy copper ring
   249 | D:5      | Noticed a hound
   250 | D:5      | Noticed a worker ant
   261 | D:5      | Noticed a phantom
   519 | D:4      | Identified the ring of Zummazo {rN++ Int-5 SInv} (You found
                  | it on level 5 of the Dungeon)
   524 | D:4      | Noticed an ogre
   840 | D:3      | Found a glowing silver altar of Zin.
  1012 | D:3      | Reached XP level 2. HP: 21/21 MP: 2/2
  1028 | D:3      | Found a sparkling altar of Nemelex Xobeh.
  1323 | D:1      | Reached XP level 3. HP: 26/26 MP: 4/4
  1361 | D:1      | Reached skill level 1 in Spellcasting
  1494 | D:1      | Reached skill level 7 in Stealth
  2310 | D:2      | Reached XP level 4. HP: 31/31 MP: 5/5
  2422 | D:2      | Noticed Natasha
  2424 | D:2      | Noticed a centaur
  2429 | D:2      | Shot with an arrow by a centaur

Illustrated notes

Levels and vault maps discovered:
D:1:      wander_arrival_peaceful_grave, layout_basic, serial_bayou,
          serial_bayou_shore_a, serial_bayou_lake_a, serial_bayou_lagoon_a,
          serial_bayou_pond_e
D:2:      layout_rooms, chequers_jeans, uniq_jessica, uniq_natasha
D:3:      corexii_shack_village, layout_loops_cross,
          lemuel_coloured_pillars_altar, lemuel_altar_in_water, uniq_robin
D:4:      layout_basic, lemuel_crystal_altar,
          minmay_temple_entry_statues_pillars
D:5:      layout_rooms, slow_altar_1
D:6:      cheibrodos_fertilizer, layout_basic, xom_redecorated

Skill      XL: |  1  2  3 |
---------------+----------+-----
Spellcasting   | 1 |  1.3
Stealth        | 7 |  7.2
Fighting       | |  3.5
Short Blades   | |  2.0
Dodging        | |  2.6

Action                   |  1- 3 |  4- 6 || total
-------------------------+-------+-------++-------
Melee: Short sword       |    67 |    10 ||    77
       Constrict         |    15 |     2 ||    17
       Tentacles         |     9 |     2 ||    11
  Use: Potion            |     1 |       ||     1
       Scroll            |     5 |       ||     5
 Stab: Sleeping          |    17 |     2 ||    19
Armor: Skin              |     4 |       ||     4
Dodge: Dodged            |    45 |     4 ||    49
